AoeStats
← 297539664

Arena

509837714Analyzed
4v4 RM · 3d ago on Sep 28, 2026· 36m 23s· 8 players
Game mode
Random Map
Map size
Large (8 player)
Population
200
Speed
Normal
Resources
Standard
Victory
Conquest
Starting age
Dark Age
Ending age
Imperial Age
RankedLock teamsTeams togetherTeam positionsShared explorationLock speedFull tech treeHidden civsTurbo modeCheats
Victory
Defeat
🇨🇳 Vietnamese · China
1438
+14
🇨🇳 Franks · China
1406
+15
🇨🇳 Slavs · China
1380
+16
🇮🇳 Persians · India
1356
+17
🇧🇪 Georgians · Belgium
1438
-17
🇹🇷 Persians · Türkiye
1412
-16
🇬🇧 Saxons · United Kingdom
1372
-15
🇬🇧 Romans · United Kingdom
1349
-14
Oliver
10:12 Feudal Age
15:54 Castle Age
14:17 Horse Collar
15:31 Double-Bit Axe
16:59 Bow Saw
18:12 Scale Mail Armor
19:21 Sanctity
22:45 Loom
23:47 Heavy Plow
25:28 Redemption
26:01 Forging
25:32 Pikeman
28:40 Chain Mail Armor
29:28 Iron Casting
33:56 Imperial Age
33:06 Squires
33:13 Gambesons
Boyser
10:16 Feudal Age
13:57 Castle Age
12:00 Double-Bit Axe
12:20 Horse Collar
19:08 Wheelbarrow
19:43 Bow Saw
20:00 Heavy Plow
22:31 Stone Mining
22:31 Gold Mining
24:10 Stone Shaft Mining
25:52 Hand Cart
30:54 Imperial Age
28:17 Fletching
28:28 Padded Archer Armor
28:46 Svan Towers
29:32 Bodkin Arrow
29:47 Forging
29:38 Scale Mail Armor
29:37 Bodkin Arrow
29:36 Pikeman
30:50 Ballistics
30:26 Murder Holes
30:43 Masonry
31:41 Chain Mail Armor
32:02 Iron Casting
31:06 Halberdier
31:47 Squires
31:32 Arson
32:43 Loom
32:44 Town Watch
33:32 Plate Mail Armor
33:03 Bracer
33:03 Padded Archer Armor
32:55 Guard Tower
32:50 Arrowslits
34:05 Chemistry
34:27 Keep
34:23 Architecture
34:22 Treadmill Crane
a.l.a.n.t
9:36 Feudal Age
13:43 Castle Age
11:41 Horse Collar
12:26 Double-Bit Axe
15:09 Bow Saw
21:22 Wheelbarrow
21:06 Heavy Plow
21:47 Man-at-Arms
22:24 Loom
22:57 Scale Mail Armor
24:48 Chain Mail Armor
23:59 Long Swordsman
27:57 Squires
29:45 Pikeman
ValerioN__
9:37 Feudal Age
13:07 Castle Age
11:15 Double-Bit Axe
13:57 Bow Saw
14:53 Horse Collar
22:20 Wheelbarrow
22:13 Gold Mining
24:01 Hand Cart
28:41 Imperial Age
27:01 Scale Barding Armor
27:21 Stone Mining
28:30 Loom
29:23 Conscription
29:36 Devotion
30:03 Chain Barding Armor
29:53 Forging
30:41 Bloodlines
30:32 Husbandry
30:48 Heavy Plow
32:22 Elite War Elephant
34:25 Plate Barding Armor
34:27 Iron Casting
arsenalchelsea2
10:45 Feudal Age
10:53 Feudal Age
14:42 Castle Age
12:28 Horse Collar
13:01 Double-Bit Axe
15:24 Bow Saw
22:08 Wheelbarrow
23:34 Heavy Plow
24:04 Loom
24:35 Hand Cart
24:39 Gold Mining
28:37 Imperial Age
26:35 Scale Barding Armor
27:33 Gold Shaft Mining
27:14 Husbandry
27:45 Bloodlines
28:03 Chain Barding Armor
27:56 Pikeman
28:46 Scale Mail Armor
28:57 Forging
28:58 Halberdier
29:19 Heavy Camel Rider
31:44 Chain Mail Armor
32:05 Iron Casting
31:59 Squires
32:39 Caravan
33:23 Conscription
33:06 Elite War Elephant
36:02 Plate Mail Armor
36:33 Blast Furnace
297539664
9:42 Feudal Age
13:22 Castle Age
11:57 Double-Bit Axe
14:26 Bow Saw
22:34 Gold Mining
24:25 Gold Shaft Mining
26:48 Wheelbarrow
28:47 Imperial Age
26:28 Scale Barding Armor
26:33 Forging
27:22 Husbandry
27:44 Chain Barding Armor
28:40 Iron Casting
28:24 Hand Cart
29:31 Chivalry
29:52 Conscription
28:54 Cavalier
30:43 Paladin
32:33 Plate Barding Armor
32:59 Blast Furnace
33:03 Loom
33:43 Pikeman
34:09 Arson
34:26 Scale Mail Armor
35:02 Pikeman
35:43 Squires
35:59 Chain Mail Armor
825889483
10:18 Feudal Age
11:34 Loom
14:11 Castle Age
12:43 Double-Bit Axe
16:30 Scale Mail Armor
19:34 Chain Mail Armor
20:58 Squires
21:59 Forging
31:33 Arson
dashuaibi
10:25 Feudal Age
14:41 Castle Age
13:38 Double-Bit Axe
14:41 Horse Collar
22:36 Bow Saw
22:32 Stone Mining
22:54 Heavy Plow
23:00 Gold Mining
23:52 Wheelbarrow
24:17 Loom
25:25 Gold Shaft Mining
25:42 Hand Cart
28:00 Imperial Age
26:16 Scale Mail Armor
26:26 Forging
26:20 Squires
25:41 Pikeman
27:02 Bow Saw
28:05 Chain Mail Armor
28:26 Iron Casting
28:03 Detinets
29:17 Plate Mail Armor
28:13 Halberdier
32:15 Conscription
33:44 Blast Furnace
32:34 Fletching
33:21 Druzhina
35:13 Chemistry
34:36 Ballistics
33:56 Man-at-Arms
35:17 Bodkin Arrow
Connection lost

Rejoining the realm…

Still unreachable

The connection could not be restored.

Session expired

The server has moved on; the page needs a fresh start.